 Dungeon Crawl Stone Soup version 0.21.1-1-g345015f (webtiles) character file.

96 Kairos the Charmwright (level 4, 0/34 HPs)
             Began as a Demonspawn Skald on Mar 25, 2018.
             Killed from afar by Ijyb (5 damage)
             ... with a wand of acid (3)
             ... on level 3 of the Dungeon.
             The game lasted 00:05:11 (1795 turns).

Kairos the Charmwright (Demonspawn Skald)           Turns: 1795, Time: 00:05:12

Health: 0/34       AC: 14    Str: 11 (12) XL:     4   Next: 41%
Magic:  0/7        EV: 12    Int: 12 (13) God:
Gold:   76         SH:  0    Dex: 10      Spells: 4/7 levels left

rFire    . . .     SeeInvis .   e - +1 quarterstaff (protect)
rCold    . . .     Gourm    .   (shield currently unavailable)
rNeg     . . .     Faith    .   b - +0 leather armour
rPois    .         Spirit   +   (no helmet)
rElec    .         Reflect  .   l - +0 cloak (curse)
rCorr    +         Harm     .   f - +0 pair of gloves
MR       .....                  (no boots)
Stlth    +.........             h - amulet of magic regeneration
HPRegen  0.11/turn              g - ring of resist corrosion
MPRegen  0.35/turn              (no ring)

@: infused (expiring), protection aura
A: yellow scales 1, clumsy 1, dopey 1, wild magic 1, magic shield
a: no special abilities


You were on level 3 of the Dungeon.
You were not hungry.

You visited 1 branch of the dungeon, and saw 3 of its levels.

You collected 76 gold pieces.

Inventory:

Hand Weapons
 a - a +0 mace
 e - a +1 quarterstaff of protection (weapon)
 p - a +2 hunting sling of velocity
 r - a +0 whip
Armour
 b - a +0 leather armour (worn)
 f - a +0 pair of gloves (worn)
 l - a cursed +0 cloak (worn)
Jewellery
 g - a ring of resist corrosion (left hand)
 h - an amulet of magic regeneration (around neck)
Wands
 o - a wand of random effects (24)
Scrolls
 i - a scroll of amnesia {unknown}
 j - a scroll of magic mapping {unknown}
 m - a scroll of fog {unknown}
 n - 4 scrolls of identify {unknown}
Potions
 k - a potion of curing
 q - a potion of heal wounds {unknown}
Books
 c - a book of Battle

   Spells                             Type                      Level
   a - Infusion                       Charms                       1
   b - Shroud of Golubria             Charms/Translocation         2
   c - Song of Slaying                Charms                       2
   d - Spectral Weapon                Hexes/Charms                 3
   e - Regeneration                   Charms/Necromancy            3
Comestibles
 d - 2 rations


   Skills:
 + Level 2.3 Fighting
 + Level 2.4 Maces & Flails
 + Level 1.4 Armour
 + Level 2.7 Dodging
 + Level 2.2 Spellcasting
 + Level 3.2 Charms


You had 4 spell levels left.
You knew the following spells:

 Your Spells              Type           Power        Failure   Level  Hunger
a - Infusion              Chrm           ##..         14%         1    ##.....
b - Song of Slaying       Chrm           ##......     21%         2    ###....


Dungeon Overview and Level Annotations

Branches:
Dungeon (3/15)

Altars:

Annotations:
D:3 Ijyb


Innate Abilities, Weirdness & Mutations

You are partially covered in yellow scales. (AC +2)
When hurt, damage is shared between your health and your magic reserves.
You are clumsy. (Dex -2)
You are dopey. (Int -2)
Your spells are a little harder to cast, but a little more powerful.


Message History

Ijyb is heavily wounded.
Ijyb misses you.
Ijyb zaps a wand.
The bolt of acid hits you! You resist.
You are splashed with acid!
The acid burns!
You resist.
You hit Ijyb but do no damage.
Ijyb is heavily wounded.
Ijyb zaps a wand.
The bolt of acid hits you! You resist.
* * * LOW HITPOINT WARNING * * *
You are splashed with acid!
The acid burns!
You resist.
* * * LOW HITPOINT WARNING * * *
You closely miss Ijyb.
Ijyb is heavily wounded.
Ijyb completely misses you.
You hit Ijyb.
Ijyb is severely wounded.
Your magical infusion is running out.
Ijyb closely misses you.
You barely miss Ijyb.
Ijyb is severely wounded.
Ijyb zaps a wand.
The bolt of acid hits you! You resist.
You die...

#....# ###....#
######.# .##....#
#....<. .......###
#.....#
)........##+##.....#
†.........>..(.....#
................)..#
.#..............g..#
................@..#
##.#..............?##
##.#................#
[.†.................#
....................#
.........(......#####
.#..<..#+#.######
.#.....# #.# .#.[...#
#.#


You could see Ijyb.

Vanquished Creatures
  A gnoll (D:1)
  3 adders (D:2)
  2 worms (D:2)
  4 dart slugs
  A leopard gecko (D:2)
  5 giant cockroaches (D:2)
  7 goblins
  4 hobgoblins
  3 jackals (D:2)
  4 bats
  5 frilled lizards
  A kobold (D:1)
  6 rats
46 creatures vanquished.

Notes
Turn   | Place    | Note
-------+----------+-------------------------------------------
     0 | D:1      | Kairos the Demonspawn Skald began the quest for the Orb.
     0 | D:1      | Reached XP level 1. HP: 16/16 MP: 3/3
    22 | D:1      | Gained mutation: You are partially covered in yellow scales. (AC +2) [demonic ancestry]
    22 | D:1      | Reached XP level 2. HP: 12/22 MP: 0/5
    42 | D:1      | Reached skill level 3 in Charms
   341 | D:1      | Reached XP level 3. HP: 27/27 MP: 6/6
   601 | D:2      | Learned a level 2 spell: Song of Slaying
   611 | D:2      | Reached skill level 1 in Armour
  1152 | D:2      | Gained mutation: Your magical capacity is low. (-10% MP) [potion of mutation]
  1152 | D:2      | Gained mutation: Your spells are a little easier to cast, but a little less powerful. [potion of mutation]
  1152 | D:2      | Gained mutation: You have very sharp teeth. [potion of mutation]
  1152 | D:2      | Gained mutation: You have large cloven feet. [potion of mutation]
  1157 | D:2      | Lost mutation: Your spells are a little easier to cast, but a little less powerful. [potion of mutation]
  1157 | D:2      | Lost mutation: You have large cloven feet. [potion of mutation]
  1157 | D:2      | Lost mutation: Your magical capacity is low. (-10% MP) [potion of mutation]
  1157 | D:2      | Lost mutation: You have very sharp teeth. [potion of mutation]
  1157 | D:2      | Gained mutation: You are clumsy. (Dex -2) [potion of mutation]
  1157 | D:2      | Gained mutation: You are dopey. (Int -2) [potion of mutation]
  1157 | D:2      | Gained mutation: Your spells are a little harder to cast, but a little more powerful. [potion of mutation]
  1379 | D:2      | Gained mutation: When hurt, damage is shared between your health and your magic reserves. [demonic ancestry]
  1379 | D:2      | Reached XP level 4. HP: 34/34 MP: 3/7
  1780 | D:3      | Noticed Ijyb
  1795 | D:3      | Killed from afar by Ijyb

Skill      XL: |  1  2  3 |
---------------+----------+-----
Charms         | 3 |  3.2
Dodging        | 2 |  2.7
Maces & Flails | 2 |  2.4
Armour         | 1 |  1.4
Fighting       | |  2.3
Spellcasting   | |  2.2

Action                   |  1- 3 |  4- 6 || total
-------------------------+-------+-------++-------
Melee: Mace              |    64 |       ||    64
       Whip              |    66 |    17 ||    83
       Quarterstaff      |       |    40 ||    40
 Cast: Infusion          |     5 |     2 ||     7
  Use: Potion            |     6 |       ||     6
 Stab: Sleeping          |     1 |       ||     1
  Eat: Chunk             |     2 |     1 ||     3
Armor: Leather armour    |    56 |    22 ||    78
Dodge: Dodged            |    96 |    43 ||   139
